 Dungeon Crawl Stone Soup version 0.21.1-1-g345015f (webtiles) character file.

77619 tkdonut the Severer (level 15, 0/139 HPs)
             Began as a Hill Orc Berserker on July 2, 2018.
             Was the Champion of Trog.
             Incinerated by a deep elf mage (4 damage)
             ... with a sticky flame
             ... on level 2 of the Elven Halls.
             The game lasted 01:22:12 (26347 turns).

tkdonut the Severer (Hill Orc Berserker)           Turns: 26347, Time: 01:22:13

Health: 0/139      AC: 23    Str: 25    XL:     15   Next: 57%
Magic:  5/5        EV:  8    Int:  7    God:    Trog [******]
Gold:   482        SH: 14    Dex: 12    Spells: 14/14 levels left

rFire    . . .     SeeInvis .   V - +8 broad axe (antimagic)
rCold    + . .     Gourm    +   b - +1 shield {reflect}
rNeg     + . .     Faith    .   Z - +3 plate armour {MR+}
rPois    +         Spirit   .   (no helmet)
rElec    .         Reflect  +   (no cloak)
rCorr    .         Harm     .   h - +0 pair of gloves
MR       +++++                  r - +2 pair of boots
Stlth    ..........             I - amulet of the gourmand
HPRegen  1.33/turn              k - ring of protection from magic
MPRegen  0.09/turn              L - ring "Buettesi" {rPois rC+ rN+}

@: liquid flames, very slightly contaminated, regenerating, glowing, drained
A: no striking features
a: Berserk, Trog's Hand, Brothers in Arms, Burn Spellbooks, Renounce Religion


You were on level 2 of the Elven Halls.
You worshipped Trog.
Trog was exalted by your worship.
You were not hungry.

You visited 3 branches of the dungeon, and saw 18 of its levels.

You collected 1313 gold pieces.
You spent 831 gold pieces at shops.

Inventory:

Hand Weapons
 l - a +6 broad axe of flaming
 R - a +3 longbow of flaming
 V - a +8 antimagic broad axe (weapon)
 W - a +3 hand axe of electrocution
Missiles
 A - 479 arrows
Armour
 a - +2 fire dragon scales
 b - a +1 shield of reflection (worn)
 h - a +0 pair of gloves (worn)
 r - a +2 pair of boots (worn)
 H - a +3 plate armour
 Y - a +2 plate armour of cold resistance
 Z - a +3 plate armour of magic resistance (worn)
Jewellery
 k - a ring of protection from magic (left hand)
 s - an uncursed amulet of regeneration
 v - an uncursed ring of ice
 I - an amulet of the gourmand (around neck)
 L - the ring "Buettesi" (right hand) {rPois rC+ rN+}
   (You bought it in a shop on level 4 of the Dungeon)

   [ring of positive energy]

   It protects you from cold.
   It protects you from poison.
   It protects you from negative energy.
 X - a +4 ring of strength
Wands
 e - a wand of random effects (19)
 p - a wand of iceblast (37)
 q - a wand of scattershot (7)
 y - a wand of flame (36)
 D - a wand of digging (26)
 U - a wand of disintegration (16)
Scrolls
 d - 2 scrolls of identify
 j - 6 scrolls of remove curse
 x - 2 scrolls of teleportation
 z - a scroll of torment {unknown}
 C - a scroll of fog
Potions
 g - 3 potions of heal wounds
 i - 5 potions of curing
 m - a potion of might {unknown}
 n - 5 potions of agility
 u - a potion of resistance {unknown}
 B - 4 potions of magic {unknown}
 E - a potion of mutation {unknown}
 G - 4 potions of flight {unknown}
 M - a potion of degeneration {unknown}
 P - a potion of berserk rage {unknown}
 Q - 3 potions of lignification {unknown}
 S - a potion of haste
Comestibles
 c - 25 rations


   Skills:
 + Level 14.4(13.8) Fighting
 + Level 20.3(19.6) Axes
 + Level 13.0(12.5) Armour
 - Level 2.3(1.9) Dodging
 - Level 1.0(0.6) Stealth
 * Level 13.8(13.2) Shields


You had 14 spell levels left.
You didn't know any spells.

Dungeon Overview and Level Annotations

Branches:
Dungeon (14/15)            Temple (0/1) D:6            Lair (0/6) D:8
    Orc (2/2) D:11            Elf (2/3) Orc:2        Vaults (0/5) D:14

Altars:
Fedhas
Makhleb
Okawaru
Beogh

Shops:
D:4 *   D:11 *   D:14 *   Orc:2 %=!=   Elf:1 !


Message History

Found a stone staircase leading down and a stone staircase leading up.
You see here an arrow.
The deep elf knight unwields an uncursed long sword.
The deep elf knight wields a shortbow.
The deep elf knight shoots an arrow.
You reflect the arrow off your +1 shield of reflection!
The arrow hits the deep elf knight!
The deep elf mage casts a spell.
The deep elf mage gestures at you while chanting.
The sticky flame hits you!
You are covered in liquid flames!
The deep elf knight shoots an arrow.
The arrow hits you but does no damage.
You see here an arrow.
You are covered in liquid flames!
* * * LOW HITPOINT WARNING * * *
The deep elf archer shoots an arrow.
You reflect the arrow off your +1 shield of reflection!
The arrow hits the deep elf archer!
A deep elf mage comes into view. It is wielding a dagger.
You are covered in liquid flames!
You die...

.. #..........
..###...(.e....
###...e.#...#
####.......(..#
......§e(...e$##
####...§e.e..>..
e.......E.......
...#.......#####
...#...@...#
#####.....##
#.....# #.###.##
.# ## #.# ##. E.
.. #. .. .# # ..
.# .. # ##. c#
## . . .#


You could see a deep elf archer, 2 deep elf knights, 4 deep elf magi and a fire
elemental.

Vanquished Creatures
  Asterion (Elf:1)
  Kirke (Elf:1)
  2 orc warlords
  A deep elf sorcerer (Elf:1)
  Nessos (D:13)
  Azrael (Orc:2)
  A deep elf annihilator (Elf:1)
  Snorg (D:13)
  Harold (D:10)
  4 vault guards
  3 dancing weapons (Elf:1)
  11 two-headed ogres
  6 orc high priests (Orc:2)
  3 deep elf knights (Elf:1)
  A skeletal warrior (D:12)
  A sixfirhy (D:7)
  An unseen horror (D:12)
  8 deep elf archers (Elf:1)
  A wolf spider zombie (D:14)
  3 orc knights (Orc:2)
  29 deep elf magi
  A cyclops (D:12)
  10 ugly things
  4 orc sorcerers
  A manticore (D:14)
  The ghost of nicolaieve the Cleaver, a novice MiBe of Trog (D:6)
  A guardian serpent (Elf:1)
  5 centaur zombies
  2 gargoyles (D:12)
  3 kobold demonologists
  A centaur skeleton (D:12)
  7 trolls
  5 slime creatures (D:12)
  A hornet (D:12)
  4 hippogriffs
  A shadow (D:12)
  An air elemental (Elf:1)
  A wraith (D:13)
  A vampire (D:13)
  2 wyverns
  A basilisk (D:14)
  3 water elementals (Elf:1)
  6 fire elementals
  A human (D:7)
  A hungry ghost (D:12)
  7 hogs
  9 yaks (D:11)
  A vampire mosquito (D:14)
  6 wargs (Orc:2)
  A soldier ant (D:14)
  6 hell hounds
  2 water moccasins
  2 sky beasts (D:9)
  43 orc warriors
  4 phantoms
  2 ice beasts
  A necrophage (D:12)
  12 ogres
  A wolf (shapeshifter) (D:14)
  8 centaurs
  2 big kobolds
  6 bullfrogs
  A gnoll sergeant (D:11)
  2 wyvern zombies
  4 scorpions
  A wyvern skeleton (D:9)
  10 killer bees
  14 wights
  6 howler monkeys
  5 crimson imps
  A quasit (D:5)
  A bullfrog zombie (D:12)
  6 hounds
  9 jellies
  28 orc priests
  20 orc wizards
  3 iguanas
  12 worker ants
  2 hound skeletons
  3 adders
  11 gnolls
  A howler monkey skeleton (D:9)
  4 shadow imps
  An ooze (D:6)
  An adder zombie (D:8)
  3 worms
  2 dart slugs
  The ghost of dscm the Chopper, a weakling GrGl (D:3)
  4 leopard geckos
  97 orcs
  10 bats
  2 giant cockroaches
  2 goblins
  4 hobgoblins
  7 jackals
  18 kobolds
  3 quokkas
  3 ball pythons
  4 frilled lizards
  A jackal skeleton (D:5)
  A quokka skeleton (D:6)
  8 rats
574 creatures vanquished.

Vanquished Creatures (others)
  A deep elf mage (Elf:1)
  3 humans (Elf:1)
4 creatures vanquished.

Grand Total: 578 creatures vanquished

Notes
Turn   | Place    | Note
-------+----------+-------------------------------------------
     0 | D:1      | tkdonut the Hill Orc Berserker began the quest for the Orb.
     0 | D:1      | Reached XP level 1. HP: 19/19 MP: 1/1
   239 | D:1      | Reached XP level 2. HP: 26/27 MP: 2/2
   931 | D:1      | Reached XP level 3. HP: 23/33 MP: 3/3
  1908 | D:2      | Reached skill level 5 in Axes
  1913 | D:2      | Reached ** piety under Trog
  1918 | D:2      | Reached XP level 4. HP: 40/40 MP: 4/4
  4134 | D:2      | Found a burning altar of Makhleb.
  4154 | D:2      | Reached skill level 1 in Stealth
  4387 | D:3      | Noticed dscm's ghost (weakling GrGl)
  4394 | D:3      | Killed dscm's ghost
  5270 | D:4      | Noticed an ogre
  5279 | D:4      | Killed an ogre
  5279 | D:4      | Reached skill level 6 in Axes
  5279 | D:4      | Reached XP level 5. HP: 47/47 MP: 5/5
  5609 | D:4      | Noticed an ogre
  5617 | D:4      | Killed an ogre
  5617 | D:4      | Reached skill level 1 in Shields
  5617 | D:4      | Reached XP level 6. HP: 32/55 MP: 6/6
  6299 | D:4      | Found Pohoykue's General Store.
  6367 | D:5      | Entered Level 5 of the Dungeon
  6413 | D:5      | Reached skill level 5 in Fighting
  6482 | D:5      | Reached XP level 7. HP: 61/61 MP: 7/7
  6890 | D:6      | Reached skill level 7 in Axes
  7030 | D:6      | Noticed nicolaieve's ghost (novice MiBe)
  7465 | D:6      | Killed nicolaieve's ghost
  7465 | D:6      | Reached skill level 8 in Axes
  7465 | D:6      | Reached XP level 8. HP: 70/70 MP: 8/8
  7702 | D:6      | Reached *** piety under Trog
  7702 | D:6      | Reached skill level 5 in Shields
  7871 | D:6      | Found a staircase to the Ecumenical Temple.
  8242 | D:7      | Reached skill level 9 in Axes
  8493 | D:7      | Reached skill level 5 in Armour
  8538 | D:7      | Found a runed door.
  8538 | D:7      | Noticed a sixfirhy
  8638 | D:7      | Reached XP level 9. HP: 66/78 MP: 9/9
  8652 | D:7      | Reached skill level 10 in Axes
  9727 | D:8      | Found a staircase to the Lair.
  9759 | D:8      | Reached skill level 11 in Axes
  9807 | D:8      | Reached XP level 10. HP: 77/88 MP: 10/10
 10072 | D:9      | Reached **** piety under Trog
 10637 | D:7      | Killed a sixfirhy
 10748 | D:10     | Entered Level 10 of the Dungeon
 10788 | D:10     | Reached skill level 12 in Axes
 10858 | D:10     | Noticed Harold
 10928 | D:10     | Killed Harold
 11282 | D:10     | Noticed a two-headed ogre
 11296 | D:10     | Killed a two-headed ogre
 11296 | D:10     | Reached XP level 11. HP: 65/97 MP: 11/11
 11573 | D:11     | Found Binoidue's Assorted Antiques.
 11577 | D:11     | Reached skill level 13 in Axes
 11594 | D:11     | Reached skill level 10 in Shields
 11759 | D:11     | Found a staircase to the Orcish Mines.
 12112 | D:11     | Noticed a two-headed ogre
 12133 | D:11     | Killed a two-headed ogre
 12198 | D:11     | Noticed a two-headed ogre
 12199 | D:11     | Noticed a two-headed ogre
 12199 | D:11     | Noticed a red ugly thing
 12199 | D:11     | Noticed a cyan ugly thing
 12206 | D:11     | Noticed a purple ugly thing
 12232 | D:10     | Killed a two-headed ogre
 12232 | D:10     | Reached skill level 14 in Axes
 12372 | D:9      | Killed a red ugly thing
 12372 | D:9      | Reached skill level 10 in Fighting
 12380 | D:9      | Killed a red ugly thing
 12684 | D:10     | Killed a two-headed ogre
 12814 | D:11     | Killed a red ugly thing
 12814 | D:11     | Reached ***** piety under Trog
 13043 | D:4      | Bought the ring "Buettesi" {rPois rC+ rN+} for 534 gold pieces
 13383 | D:9      | Noticed a two-headed ogre
 13390 | D:9      | Killed a two-headed ogre
 13390 | D:9      | Reached skill level 15 in Axes
 13390 | D:9      | Reached XP level 12. HP: 96/107 MP: 12/12
 13946 | D:12     | Noticed a two-headed ogre
 13962 | D:11     | Killed a two-headed ogre
 14963 | D:12     | Reached skill level 16 in Axes
 14969 | D:12     | Reached skill level 10 in Armour
 14991 | D:12     | Received a gift from Trog
 15433 | D:13     | Noticed Snorg
 15449 | D:13     | Killed Snorg
 15491 | D:13     | Found a blossoming altar of Fedhas.
 15559 | D:13     | Noticed Nessos
 15967 | D:13     | Killed Nessos
 15967 | D:13     | Reached skill level 17 in Axes
 15967 | D:13     | Reached XP level 13. HP: 102/118 MP: 13/13
 17822 | D:14     | Found Qozyhai's General Store.
 17908 | D:14     | Found an iron altar of Okawaru.
 18307 | D:14     | Found a gate to the Vaults.
 18307 | D:14     | Noticed a vault guard
 18307 | D:14     | Noticed a vault guard
 18307 | D:14     | Noticed a vault guard
 18308 | D:14     | Noticed a vault guard
 18391 | D:12     | Killed a vault guard
 18674 | D:13     | Killed a vault guard
 18674 | D:13     | Reached skill level 18 in Axes
 18714 | D:14     | Killed a vault guard
 18993 | D:14     | Killed a vault guard
 19424 | Orc:1    | Entered Level 1 of the Orcish Mines
 19533 | Orc:1    | Received a gift from Trog
 19981 | Orc:2    | Entered Level 2 of the Orcish Mines
 20619 | Orc:2    | Noticed Azrael
 20632 | Orc:2    | Killed Azrael
 21010 | Orc:2    | Reached XP level 14. HP: 109/129 MP: 4/14
 21305 | Orc:2    | Reached ****** piety under Trog
 21305 | Orc:2    | Received a gift from Trog
 21462 | Orc:2    | Found a roughly hewn altar of Beogh.
 21527 | Orc:2    | Noticed an orc warlord
 21541 | Orc:2    | Killed an orc warlord
 21664 | Orc:2    | Found Xonoc's Jewellery Emporium.
 21687 | Orc:2    | Reached skill level 19 in Axes
 21690 | Orc:2    | Bought a +4 ring of strength for 297 gold pieces
 21854 | Orc:2    | Found Hemaw's Distillery.
 22187 | Orc:2    | Found a staircase to the Elven Halls.
 22309 | Orc:2    | Noticed an orc warlord
 22323 | Orc:2    | Found a roughly hewn altar of Beogh.
 22610 | Orc:1    | Killed an orc warlord
 22748 | Orc:2    | Received a gift from Trog
 22781 | Orc:2    | Found Qonauref's Food Emporium.
 22872 | Orc:2    | Found Kuubav's Jewellery Boutique.
 23507 | Elf:1    | Entered Level 1 of the Elven Halls
 23959 | Elf:1    | Noticed Asterion
 24558 | Elf:1    | Noticed a deep elf annihilator
 24569 | Elf:1    | Noticed Kirke
 24577 | Elf:1    | Received a gift from Trog
 24579 | Elf:1    | Killed a deep elf annihilator
 24589 | Elf:1    | Killed Kirke
 24589 | Elf:1    | Reached XP level 15. HP: 118/137 MP: 5/15
 24871 | Elf:1    | Reached skill level 20 in Axes
 25146 | Elf:1    | Killed Asterion
 25425 | Elf:1    | Noticed a deep elf sorcerer
 25434 | Elf:1    | Killed a deep elf sorcerer
 26090 | Elf:1    | Found Nagusch's Distillery.
 26343 | Elf:2    | HP: 5/139 [deep elf knight/stone arrow (12)]
 26347 | Elf:2    | Incinerated by a deep elf mage

Skill      XL: |  1  2  3  4  5  6  7  8  9 10 11 12 13 14 15 |
---------------+----------------------------------------------+-----
Fighting       | 4 5 6 7 9 10 12 13 14 | 14.4
Dodging        | 2 |  2.3
Axes           | 5 6 8 9 11 12 15 17 18 19 20 | 20.3
Stealth        | 1 |  1.0
Armour         | 3 4 5 6 7 9 10 11 12 13 | 13.0
Shields        | 1 2 4 6 7 9 10 11 12 13 | 13.8

Action                   |  1- 3 |  4- 6 |  7- 9 | 10-12 | 13-15 || total
-------------------------+-------+-------+-------+-------+-------++-------
Melee: Hand axe          |   116 |    96 |       |       |       ||   212
       War axe           |       |    41 |   309 |   594 |   280 ||  1224
       Broad axe         |       |       |       |       |   656 ||   656
Invok: Berserk           |     1 |     5 |     8 |    18 |    17 ||    49
       Burn Spellbooks   |       |       |       |     1 |     4 ||     5
       Brothers in Arms  |       |       |       |       |     1 ||     1
       Trog's Hand       |       |       |       |       |     2 ||     2
  Use: Scroll            |       |     3 |     3 |    17 |    14 ||    37
       Potion            |       |       |       |       |     1 ||     1
  Eat: Chunk             |     2 |    11 |     7 |    44 |    40 ||   104
       Ration            |       |     3 |     3 |     1 |     2 ||     9
Armor: Animal skin       |    38 |       |       |       |       ||    38
       Leather armour    |     5 |    15 |       |       |       ||    20
       Scale mail        |       |    46 |    86 |     4 |       ||   136
       Plate armour      |       |       |       |   234 |   329 ||   563
Dodge: Dodged            |   123 |    88 |    56 |    68 |   103 ||   438
Block: Large shield      |       |    53 |   232 |   511 |   618 ||  1414
       Shield            |       |       |       |       |    40 ||    40
       Reflection        |       |       |       |       |     9 ||     9
